 Dungeon Crawl Stone Soup version 0.20.2 (webtiles) character file.

602 Alfie the Shooter (level 7, -7/66 HPs)
             Began as a Minotaur Hunter on Mar 30, 2020.
             Mangled by Alfie's ghost (10 damage)
             ... on level 5 of the Dungeon.
             The game lasted 00:10:16 (2774 turns).

Alfie the Shooter (Minotaur Hunter)                 Turns: 2774, Time: 00:10:17

Health: -7/66      AC:  4    Str: 19    XL:     7   Next: 18%
Magic:  6/6        EV: 12    Int: 10    God:
Gold:   180        SH:  0    Dex: 10    Spells: 6/6 levels left

rFire    . . .     SeeInvis .   a - +2 shortbow
rCold    . . .     Gourm    .   (shield currently unavailable)
rNeg     . . .     Faith    .   c - +0 leather armour
rPois    .         Spirit   .   (helmet unavailable)
rElec    .         Reflect  .   (no cloak)
rCorr    .         Harm     .   (no gloves)
MR       .....                  (no boots)
Stlth    +.........             (no amulet)
Regen    0.3/turn               (no ring)
MPRegen  0.1/turn               (no ring)

@: about to teleport, very slightly contaminated
A: retaliatory headbutt, horns 3, clever 1, robust 1, shaggy fur 1
a: no special abilities


You were on level 5 of the Dungeon.
You were not hungry.

You visited 1 branch of the dungeon, and saw 5 of its levels.

You collected 180 gold pieces.

Inventory:

Hand Weapons
 a - a +2 shortbow (weapon)
 b - a +1 short sword
Missiles
 d - 22 arrows (quivered)
 p - 5 tomahawks
Armour
 c - a +0 leather armour (worn)
 m - a +4 ring mail
Jewellery
 l - a +3 ring of intelligence {unknown}
 r - a cursed ring of teleportation {unknown}
Wands
 q - a wand of paralysis (5/24)
Scrolls
 k - 2 scrolls of remove curse
 o - a scroll of teleportation
Potions
 e - 2 potions of flight {unknown}
 g - 2 potions of degeneration {unknown}
 h - 2 potions of mutation
 j - a potion of agility {unknown}
Comestibles
 f - 2 bread rations
 n - 2 meat rations


   Skills:
 + Level 4.4 Fighting
 + Level 1.6 Short Blades
 + Level 7.9 Bows
 + Level 2.0 Armour
 + Level 3.2 Dodging
 + Level 1.2 Stealth


You had 6 spell levels left.
You didn't know any spells.

Dungeon Overview and Level Annotations

Branches:
Dungeon (5/15)
 Temple: D:4-7

Altars:
Cheibriados
Dithmenos

Annotations:
D:5 Alfie's ghost, novice MiHu


Innate Abilities, Weirdness & Mutations

You reflexively headbutt those who attack you in melee.
You have a pair of large horns on your head.
Your mind is acute. (Int +2)
You are robust. (+10% HP)
You are covered in fur. (AC +1)


Message History

The adder skeleton is almost destroyed.
The adder skeleton bites you but does no damage.
Firing (i - inventory. (,) - cycle):
d - 23 arrows (quivered)
Press: ? - help, Shift-Dir - straight line, f/p - adder skeleton
Aim: an adder skeleton (almost destroyed)
You shoot an arrow. The arrow hits the adder skeleton!
You destroy the adder skeleton!
It was a potion of mutation.
You feel extremely strange. Fur sprouts all over your body.
You feel clever. The horns on your head grow some more.
You feel robust.
Alfie's ghost screams, "You will join me soon!"
Alfie's ghost hits you!
* * * LOW HITPOINT WARNING * * *
You feel better. Alfie's ghost hits you!
* * * LOW HITPOINT WARNING * * *
As you read the scroll of teleportation, it crumbles to dust.
You feel strangely unstable. Alfie's ghost hits you.
* * * LOW HITPOINT WARNING * * *
Alfie's ghost hits you!
You die...

##. #..) .... .(.
.(# ###)# ##.W(#
##.@### ###..##
##...## # ##(...#
##. ###..♣♣..#
.#...##....♣♣..#
..................
...##.##.###..#####
..............####.


You could see Alfie's ghost.

Vanquished Creatures
  An ogre (D:4)
  3 orc priests
  2 orc wizards
  A hound (D:4)
  Jessica (D:3)
  Ijyb (D:4)
  5 worker ants (D:4)
  6 adders
  An adder skeleton (D:5)
  A worm (D:2)
  4 dart slugs
  2 leopard geckos (D:2)
  18 orcs
  A ball python (D:4)
  7 giant cockroaches
  7 goblins
  9 hobgoblins
  4 jackals (D:1)
  8 kobolds
  2 quokkas
  3 bats
  6 frilled lizards
  A quokka skeleton (D:4)
  4 rats
98 creatures vanquished.

Notes
Turn   | Place    | Note
-------+----------+-------------------------------------------
     0 | D:1      | Alfie the Minotaur Hunter began the quest for the Orb.
     0 | D:1      | Reached XP level 1. HP: 18/18 MP: 0/0
    91 | D:1      | Reached XP level 2. HP: 24/25 MP: 1/1
    97 | D:1      | Reached skill level 5 in Bows
   427 | D:1      | Reached XP level 3. HP: 18/30 MP: 2/2
   934 | D:2      | Reached skill level 1 in Short Blades
   934 | D:2      | Reached XP level 4. HP: 28/37 MP: 3/3
   980 | D:2      | Reached skill level 1 in Stealth
  1223 | D:2      | Found a shadowy altar of Dithmenos.
  1358 | D:3      | Reached skill level 1 in Armour
  1796 | D:3      | Noticed Jessica
  1800 | D:3      | Killed Jessica
  1953 | D:3      | Reached XP level 5. HP: 45/45 MP: 4/4
  2014 | D:4      | Reached skill level 6 in Bows
  2152 | D:4      | Reached XP level 6. HP: 37/52 MP: 5/5
  2397 | D:4      | Noticed Ijyb
  2400 | D:4      | Paralysed by Ijyb for 3 turns
  2408 | D:4      | Killed Ijyb
  2495 | D:4      | Found a snail-covered altar of Cheibriados.
  2571 | D:4      | Reached skill level 7 in Bows
  2729 | D:5      | Entered Level 5 of the Dungeon
  2755 | D:5      | Reached XP level 7. HP: 37/59 MP: 6/6
  2756 | D:5      | Noticed Alfie's ghost (novice MiHu)
  2771 | D:5      | Gained mutation: You are covered in fur. (AC +1) [potion of mutation]
  2771 | D:5      | Gained mutation: Your mind is acute. (Int +2) [potion of mutation]
  2771 | D:5      | Gained mutation: You have a pair of large horns on your head. [potion of mutation]
  2771 | D:5      | Gained mutation: You are robust. (+10% HP) [potion of mutation]
  2773 | D:5      | HP: 3/66 [Alfie's ghost (4)]
  2774 | D:5      | Mangled by Alfie's ghost

Skill      XL: |  1  2  3  4  5  6  7 |
---------------+----------------------+-----
Bows           | 5 6 7 |  7.9
Short Blades   | 1 |  1.6
Stealth        | 1 |  1.2
Armour         | 1 2 |  2.0
Fighting       | 3 4 |  4.4
Dodging        | 3 |  3.2

Action                   |  1- 3 |  4- 6 |  7- 9 || total
-------------------------+-------+-------+-------++-------
Melee: Short sword       |    85 |    23 |       ||   108
       Headbutt          |    10 |     5 |       ||    15
 Fire: Shortbow          |    32 |   157 |    14 ||   203
  Use: Scroll            |     2 |     4 |     1 ||     7
       Potion            |       |     1 |     3 ||     4
  Eat: Bread ration      |       |     2 |       ||     2
Armor: Leather armour    |    18 |     7 |     1 ||    26
Dodge: Dodged            |    61 |    34 |     4 ||    99
